Unix NetHack Version 5.0.0-0 post-release - last build Jun 10 2026 00:39:30 (3ee93aec679c4c4259841fe613dc97188e26a321,branch:main).

Game began 2026-06-14 08:30:31, ended 2026-06-14 21:29:33.

80percenthuman, chaotic female human Wizard

   -------                                                          ----------
   |.)...|                                                          |........|
   |..[...#                                                         ....<....|
   |.....|#                                                         --------.-
   |.....|##                                                      ##     ####
   |.%...| #                                              #########     ##
   |.)...| #                                     ##########        #    #
   --%---- #                                  #############       * #   #
     ###############                          #               ---.---.--|-
            #      ###                        #               |.......%..|
            #   -----#                        #               |..........|
            #  #-...|#                        #               |........(.|
            ####|...|#                        #               |..........|
               #|...|#                        ##              |..........|
   ------       .^..|#                        #               |.>........|
   |....|      #|...|####                     #               ------------
   |..).|#######-----   ################@d#####
   |....-#
   ------

80percenthuman the Conjurer  St:9 Dx:16 Co:13 In:17 Wi:11 Ch:12  Chaotic
Dlvl:6  $:361 HP:0(27) Pw:2(40) AC:7  Xp:4 T:1703 

Latest messages:
 You stagger...
 You feel a bit steadier now.
 Really step into that teleportation trap? [yn] (n)
 You feel a wrenching sensation.
 In what direction?
 In what direction?
 The spell hits the floating eye!
 The floating eye resists!
 You don't have enough energy to cast that spell.
 You hit the floating eye.
 The floating eye turns to flee.
 You momentarily stiffen under the floating eye's gaze!
 You kill the floating eye!
 You see here a scroll labeled HACKEM MUCHE.
 W - a scroll labeled HACKEM MUCHE.
 There is nothing here to pick up.
 You see here a mace.
 X - a mace.
 What do you want to drop? [$a-jl-rtuw-yACE-GI-LNOR-TV-X or ?*]
 You drop a mace.
 Where do you want to travel to?
 (For instructions type a '?')
 The dog bites!
 You miss the dog.
 The dog bites!
 The dog bites!
 You miss the dog.
 The dog bites!
 What do you want to drink? [f-hwyFT or ?*]
 You feel better.
 The dog bites!
 You miss the dog.
 The dog bites!
 In what direction?
 The spell misses the dog.
 The dog bites!
 You hit the dog.
 The dog bites!
 You miss the dog.
 The dog bites!
 The dog bites!
 You hit the dog.
 The dog bites!
 The dog bites!
 You die...
 Do you want your possessions identified? [ynq] (y)
 Do you want to see your attributes? [ynq] (y)
 Do you want an account of creatures vanquished? [ynaq] (y)
 Do you want to see your conduct and achievements? [ynq] (y)
 Do you want to see the dungeon overview? [ynq] (y)

Inventory:
 Coins    ('$')
  $ - 361 gold pieces
 Weapons  (')')
  G - 6 +0 darts
  a - a blessed +1 quarterstaff (weapon in hands)
 Armor    ('[')
  q - an uncursed +0 pair of jumping boots
  u - an uncursed +0 pair of water walking boots (being worn)
  b - an uncursed +0 cloak of magic resistance (being worn)
  V - an uncursed +0 leather jacket (being worn)
 Comestibles  ('%')
  K - an uncursed candy bar labeled "Crispy Yum Yum"
  r - an uncursed lembas wafer
  C - 2 uncursed tins of broiled jackal meat
  S - an uncursed tin of candied lichen
 Scrolls  ('?')
  E - an uncursed scroll of create monster
  x - an uncursed scroll of destroy armor
  I - a cursed scroll of destroy armor
  j - an uncursed scroll of remove curse
  i - an uncursed scroll of stinking cloud
  R - an uncursed scroll of taming
  W - an uncursed scroll of teleportation
 Spellbooks  ('+')
  l - a blessed spellbook of force bolt
  m - an uncursed spellbook of haste self
 Potions  ('!')
  F - an uncursed potion of booze
  T - an uncursed potion of fruit juice
  w - an uncursed potion of healing
  g - an uncursed potion of levitation
  h - a blessed potion of object detection
  y - an uncursed potion of speed
  f - an uncursed potion of water
 Rings    ('=')
  t - an uncursed ring of conflict
  A - an uncursed ring of free action (on left hand)
  L - a cursed ring of hunger
  d - an uncursed +2 ring of increase accuracy (on right hand)
  e - an uncursed ring of teleportation
 Wands    ('/')
  O - a wand of digging (0:5)
  J - a wand of secret door detection (0:9)
  c - a wand of stasis (0:5)
 Tools    ('(')
  o - an uncursed blindfold
  n - a magic marker (0:21)
  p - an uncursed towel
 Gems/Stones  ('*')
  N - an uncursed worthless piece of blue glass

80percenthuman the Wizard's attributes:

Background:
 You were a Conjurer, a level 4 female human Wizard.
 You were chaotic, on a mission for Anhur
 who was opposed by Ptah (lawful) and Thoth (neutral).
 You were right-handed.
 You were in the Dungeons of Doom, on level 6.
 You entered the dungeon 1703 turns ago.
 There was a new moon in effect when your adventure ended.
 You had 153 experience points, 7 more were needed to attain level 5.

Basics:
 You had 0 out of 27 hit points.
 You had 2 out of 40 energy points (spell power).
 Your armor class was 7.
 Your wallet contained 361 zorkmids.
 Autopickup was off.

Final Characteristics:
 Your strength was 9 (limit:18/100).
 Your dexterity was 16 (limit:18).
 Your constitution was 13 (limit:18).
 Your intelligence was 17 (limit:18).
 Your wisdom was 11 (limit:18).
 Your charisma was 12 (limit:18).

Final Status:
 You weren't hungry.
 You were unencumbered.
 You were wielding a quarterstaff.
 You had basic skill with quarterstaff.

Final Attributes:
 You were devoutly aligned.
 You were magic-protected.
 You could walk on water.
 You had a small bonus to hit (+2).
 You were warded.
 You had free action.
 You are dead.

Miscellaneous:
 You didn't encounter any bones levels.
 Total elapsed playing time was 24 minutes and 32 seconds.

Major events:
 Turn
    1: 80percenthuman the chaotic female human Wizard entered the dungeon
  721: entered the Gnomish Mines
  992: attained the rank of Conjurer (level 3)
 1703: killed by a dog

Spells:
 Name                 Level Category     Fail Retention
 force bolt             1   attack         0%  91%-100%
 haste self             3   escape        88%  76%-100%

Skills:
 Fighting Skills
   bare handed combat [Unskilled]
   riding             [Unskilled]
 Weapon Skills
   dagger             [Unskilled]
   knife              [Unskilled]
   axe                [Unskilled]
   short sword        [Unskilled]
   club               [Unskilled]
   mace               [Unskilled]
   quarterstaff       [Basic]
   polearms           [Unskilled]
   spear              [Unskilled]
   trident            [Unskilled]
   sling              [Unskilled]
   dart               [Unskilled]
   shuriken           [Unskilled]
 Spellcasting Skills
   attack spells      [Basic]
   healing spells     [Unskilled]
   divination spells  [Unskilled]
   enchantment spells [Basic]
   clerical spells    [Unskilled]
   escape spells      [Unskilled]
   matter spells      [Unskilled]

Voluntary challenges:
 Character rerolling was not enabled.
 You were vegetarian.
 You never genocided any monsters.
 You never polymorphed an object.
 You never changed form.
 You used no wishes.
Achievements:
 You entered a shop.
 You entered the Gnomish Mines.
 You attained the rank of Conjurer.

 The Dungeons of Doom: levels 1 to 6
    Level 1:
       An altar to Anhur.
    Level 2:
       A general store.
    Level 3:
       Stairs down to The Gnomish Mines.
    Level 4:
       An altar to Anhur.
    Level 5:
    Level 6: <- You were here.
       Final resting place for
          you, killed by a dog.
 The Gnomish Mines:
    Level 4:


Vanquished creatures:
  a rock mole
  a shrieker
  2 floating eyes
  a kitten
  5 hill orcs
 an iguana
  4 coyotes
  a gas spore
  a giant rat
  3 garter snakes
  2 geckos
  6 jackals
  3 foxes
  a kobold
  2 sewer rats
  3 grid bugs
  4 newts
41 creatures vanquished.

No species were genocided or became extinct.

Game over:
                       ----------
                      /          \
                     /    REST    \
                    /      IN      \
                   /     PEACE      \
                  /                  \
                  |  80percenthuman  |
                  |      361 Au      |
                  | killed by a dog  |
                  |                  |
                  |                  |
                  |                  |
                  |       2026       |
                 *|     *  *  *      | *
        _________)/\\_//(\/(/\)/\//\/|_)_______

Goodbye 80percenthuman the Wizard...

You died in The Dungeons of Doom on dungeon level 6 with 1197 points,
and 361 pieces of gold, after 1703 moves.
You were level 4 with a maximum of 27 hit points when you died.

